 Dungeon Crawl Stone Soup version 0.19.4-8-ga85b6b9 (webtiles) character file.

124 uglyjohn the Firebug (level 4, -6/24 HPs)
             Began as a Deep Elf Fire Elementalist on Feb 13, 2017.
             Engulfed by a cloud of steam (15 damage)
             ... on level 3 of the Dungeon.
             The game lasted 00:08:29 (2758 turns).

uglyjohn the Firebug (Deep Elf Fire Elementalist)   Turns: 2758, Time: 00:08:30

Health: -6/24      AC:  5    Str:  5    XL:     4   Next: 81%
Magic:  9/12       EV: 14    Int: 21    God:
Gold:   83         SH:  0    Dex: 15    Spells: 3 memorised, 5 levels left

rFire  . . .     SeeInvis .     o - +2 whip (holy)
rCold  . . .     Gourm    .     a - +0 robe
rNeg   . . .     Faith    .     (no shield)
rPois  .         Spirit   .     m - +2 helmet
rElec  .         Reflect  .     (no cloak)
rCorr  .         Harm     .     (no gloves)
MR     .....                    (no boots)
Stlth  +.........               (no amulet)
                                (no ring)
                                g - +1 ring of evasion

@: no status effects
A: no striking features
a: no special abilities


You were on level 3 of the Dungeon.
You were hungry.

You visited 1 branch of the dungeon, and saw 3 of its levels.

You collected 83 gold pieces.

Inventory:

Hand Weapons
 e - a +0 dagger
 o - a +2 whip of holy wrath (weapon)
Armour
 a - a +0 robe (worn)
 m - a +2 helmet (worn)
Jewellery
 g - a +1 ring of evasion (left hand)
Scrolls
 d - 3 scrolls of recharging
 i - 2 scrolls of teleportation
Potions
 f - 2 potions of heal wounds
 h - a potion of cancellation
 k - 2 potions of haste
 l - a potion of brilliance {unknown}
 n - a potion of might {unknown}
Books
 b - a book of Flames

   Spells                             Type                      Level
   a - Flame Tongue                   Conjuration/Fire             1
   b - Throw Flame                    Conjuration/Fire             2
   c - Conjure Flame                  Conjuration/Fire             3
   d - Inner Flame                    Hexes/Fire                   3
   e - Sticky Flame                   Conjuration/Fire             4
   f - Fireball                       Conjuration/Fire             5
Comestibles
 c - 3 bread rations
 p - a beef jerky


   Skills:
 - Level 2.4 Dodging
 - Level 2.4 Stealth
 + Level 4.0 Spellcasting
 + Level 2.9 Conjurations
 * Level 4.9 Fire Magic


You had 5 spell levels left.
You knew the following spells:

 Your Spells              Type           Power        Failure   Level  Hunger
a - Flame Tongue          Conj/Fire      ###..        2%          1    None
b - Throw Flame           Conj/Fire      ###...       4%          2    #......
c - Conjure Flame         Conj/Fire      ###.....     10%         3    ###....


Dungeon Overview and Level Annotations

Branches:
Dungeon (3/15)

Altars:


Message History

Casting: Flame Tongue
Confirm with . or Enter, or press ? or * to list all spells.
Aiming: Flame Tongue
Press: ? - help, Shift-Dir - straight line, f - rat
Aim: a rat The flame tongue hits the rat.
You kill the rat!
Casting: Flame Tongue
Confirm with . or Enter, or press ? or * to list all spells.
Aiming: Flame Tongue
Press: ? - help, Shift-Dir - straight line, f - leopard gecko
Aim: a leopard gecko (clinging)
The flame tongue misses the leopard gecko.
The leopard gecko is engulfed in a cloud of scalding steam.
You kill the leopard gecko!
Really walk into that cloud of steam?
You are engulfed in a cloud of scalding steam.
You are engulfed in a cloud of scalding steam.
Ouch! That really hurt!
You die...

#..#..#........
##.#..............
+.................
#.##.............
###....###.......<
##{##### ###.##...
#{{{{{ ######.
#{§{# #######. #@#
##....... #§#
#^....... #{#
#.####.## ##§##
###.##.## #{{{#
##.##.# #{{{#
#..)).# ##{######
##.####
#.#....#####.# ##
.####......<.....#
#.


There were no monsters in sight!

Vanquished Creatures
  An orc wizard (D:3)
  2 adders (D:3)
  3 oozes
  2 worms
  A dart slug (D:2)
  2 leopard geckos (D:3)
  An orc (D:3)
  5 giant cockroaches
  8 goblins
  10 hobgoblins
  2 quokkas (D:2)
  3 bats (D:2)
  5 frilled lizards
  6 kobolds
  7 rats
58 creatures vanquished.

Notes
Turn   | Place    | Note
-------+----------+-------------------------------------------
     0 | D:1      | uglyjohn the Deep Elf Fire Elementalist began the quest for the Orb.
     0 | D:1      | Reached XP level 1. HP: 10/10 MP: 6/6
    61 | D:1      | Reached XP level 2. HP: 15/15 MP: 5/8
    67 | D:1      | Learned a level 2 spell: Throw Flame
   880 | D:1      | Reached XP level 3. HP: 19/19 MP: 6/9
  2363 | D:3      | Reached XP level 4. HP: 24/24 MP: 6/11
  2504 | D:3      | Learned a level 3 spell: Conjure Flame
  2758 | D:3      | Engulfed by a cloud of steam

Skill      XL: |  1  2  3  4 |
---------------+-------------+-----
Conjurations   | 2 |  2.9
Fire Magic     | 4 |  4.9
Spellcasting   | 4 |  4.0
Dodging        | |  2.4
Stealth        | |  2.4

Action                   |  1- 3 |  4- 6 || total
-------------------------+-------+-------++-------
Melee: Dagger            |    20 |       ||    20
       Whip              |       |     5 ||     5
 Cast: Flame Tongue      |    63 |    26 ||    89
       Throw Flame       |    14 |     1 ||    15
  Use: Scroll            |       |     5 ||     5
  Eat: Chunk             |     5 |       ||     5
Armor: Robe              |     5 |     8 ||    13
Dodge: Dodged            |    17 |    13 ||    30
